 Dungeon Crawl Stone Soup version 0.29.1 (webtiles) character file.

Game seed: 552966012666931808

684 qw the Cleaver (level 7, -7/60 HPs)
             Began as a Minotaur Berserker on Sept 13, 2022.
             Was a Priest of Trog.
             Mangled by an ice beast (13 damage)
             ... on level 5 of the Dungeon.
             The game lasted 00:01:10 (4664 turns).

qw the Cleaver (Minotaur Berserker)                 Turns: 4664, Time: 00:01:10

Health: -7/60      AC:  8    Str: 24    XL:     7   Next: 35%
Magic:  6/6        EV: 10    Int:  4    God:    Trog [***...]
Gold:   291        SH:  5    Dex: 15    Spells: 6/6 levels left

rFire   + . .      SeeInvis .   Y - +3 hand axe
rCold   . . .      Faith    .   b - +0 buckler
rNeg    . . .      Spirit   .   r - +0 scale mail
rPois   .          Reflect  .   (helmet restricted)
rElec   .          Harm     .   o - +0 cloak
rCorr   .          Rampage  .   (no gloves)
Will    .....                   g - +0 pair of boots
Stlth   ..........              (no amulet)
HPRegen 0.20/turn               e - +6 ring of dexterity
MPRegen 0.10/turn               t - ring of protection from fire

@: about to teleport, on berserk cooldown, slowed, very slow
A: horns 2, retaliatory headbutt
a: Renounce Religion, Berserk, Trog's Hand


You were on level 5 of the Dungeon.
You worshipped Trog.
Trog was most pleased with you.
You visited 1 branch of the dungeon, and saw 5 of its levels.

You collected 291 gold pieces.


Innate Abilities, Weirdness & Mutations

You have a pair of horns on your head.
You reflexively headbutt those who attack you in melee.


   Skills:
 + Level 4.9 Fighting
 - Level 9.1 Axes
 - Level 1.0 Throwing
 - Level 2.4 Armour
 - Level 2.1 Dodging
 - Level 3.1 Shields


You had 6 spell levels left.
You didn't know any spells.
Your spell library was empty.

Inventory:

Hand Weapons
 f - a +0 flail
 Y - a +3 hand axe (weapon)
Armour
 b - a +0 buckler (worn)
 g - a +0 pair of boots (worn)
 o - a +0 cloak (worn)
 r - a +0 scale mail (worn)
Jewellery
 e - a +6 ring of dexterity (left hand)
 j - a ring of ice
 t - a ring of protection from fire (right hand)
Scrolls
 a - a scroll of identify
Potions
 c - 5 potions of curing
 d - a potion of might
 h - a potion of resistance {unknown}
 l - 2 potions of mutation
 q - a potion of cancellation {unknown}
 s - a potion of haste {unknown}

Dungeon Overview and Level Annotations

Branches:
Dungeon (5/15)
 Temple: D:4-7

Altars:
Ashenzari
Cheibriados


Message History

You kill Blork the orc!
Trog accepts your kill.
Trog appreciates your killing of a magic user.
You barely miss the gnoll.
You are no longer berserk.
You are exhausted.
You feel yourself slow down. The gnoll hits you but does no damage.
Your Axes skill increases to level 9!
You barely miss the gnoll. You headbutt the gnoll.
The gnoll is heavily wounded.
The gnoll closely misses you. You furiously retaliate!
You headbutt the gnoll. You closely miss the gnoll.
The gnoll is severely wounded.
The gnoll hits you but does no damage.
You barely miss the gnoll. Your headbutt misses the gnoll.
The gnoll is severely wounded.
The gnoll hits you with a +0 spear. The gnoll hits you but does no damage.
The ice beast hits you but does no damage.
You slash the gnoll!
You kill the gnoll!
Trog accepts your kill.
You closely miss the ice beast. You block the ice beast's attack.
Your Shields skill increases to level 3!
You closely miss the ice beast. You headbutt the ice beast!
The ice beast is heavily wounded.
The ice beast hits you but does no damage.
You barely miss the ice beast.
The ice beast is heavily wounded.
The ice beast hits you. The ice beast freezes you!
The ice beast barely misses you.
4663 ||| READING scroll of teleportation.
As you read the scroll of teleportation, it crumbles to dust.
You feel strangely unstable. The ice beast barely misses you.
You furiously retaliate!
You headbutt the ice beast. You closely miss the ice beast.
You headbutt the ice beast!
The ice beast is almost dead.
The ice beast hits you. The ice beast freezes you!
You die...

#... # #...
.## +#...#+
#..
###.....###.#
..........!.#
.....8......#
......))Y...#
#...)@###
+#..)#'.##
#...#...#
#...##.<#
#... ####
##.# #. ..


You could see an ice beast.

Vanquished Creatures
  A water moccasin (D:5)
  2 phantoms (D:4)
  Blork the orc (D:5)
  A gnoll sergeant (D:5)
  A scorpion (D:4)
  2 orc wizards (D:3)
  5 gnolls (D:5)
  4 adders
  A worm (D:3)
  5 dart slugs
  5 orcs (D:3)
  5 bats
  3 endoplasms
  2 giant cockroaches
  3 goblins
  12 hobgoblins
  6 jackals
  5 quokkas
  13 ball pythons
  4 frilled lizards
  8 kobolds
  4 rats
93 creatures vanquished.

Vanquished Creatures (others)
  4 toadstools (D:1)
4 creatures vanquished.

Grand Total: 97 creatures vanquished

Notes
Turn   | Place    | Note
-------+----------+-------------------------------------------
     0 | D:1      | qw the Minotaur Berserker began the quest for the Orb.
     0 | D:1      | Reached XP level 1. HP: 19/19 MP: 0/0
     0 | D:1      | 0 ||| qw: Version: 0.1-a-119-g272c26d
     0 | D:1      | 0 ||| qw: Game counter: 11175
     0 | D:1      | 0 ||| qw: Always use a shield: true
     0 | D:1      | 0 ||| qw: Do Orc after D:15 true
     0 | D:1      | 0 ||| qw: Do second Lair branch before Depths: true
     0 | D:1      | 0 ||| qw: Lair rune preference: random
     0 | D:1      | 0 ||| qw: Plans: Normal
     0 | D:1      | 0 ||| PLANNING D:1-11
    38 | D:1      | 38 ||| Stepping ~*~*~tactically~*~*~ (stealth).
    40 | D:1      | 40 ||| Stepping ~*~*~tactically~*~*~ (stealth).
    41 | D:1      | 41 ||| Stepping ~*~*~tactically~*~*~ (stealth).
    51 | D:1      | Reached skill level 4 in Axes
    85 | D:1      | 85 ||| Stepping ~*~*~tactically~*~*~ (stealth).
    88 | D:1      | 88 ||| Stepping ~*~*~tactically~*~*~ (stealth).
   237 | D:1      | Reached XP level 2. HP: 26/26 MP: 1/1
   257 | D:1      | 257 ||| Stepping ~*~*~tactically~*~*~ (stealth).
   261 | D:1      | 261 ||| Stepping ~*~*~tactically~*~*~ (stealth).
   264 | D:1      | 264 ||| Stepping ~*~*~tactically~*~*~ (stealth).
   737 | D:1      | Reached skill level 5 in Axes
   823 | D:1      | Reached XP level 3. HP: 20/31 MP: 2/2
   960 | D:1      | 960 ||| Stepping ~*~*~tactically~*~*~ (hiding).
   974 | D:1      | Reached skill level 1 in Throwing
  1175 | D:1      | 1175 ||| UPGRADING to +0 pair of boots.
  1180 | D:1      | 1180 ||| DROPPING amulet of magic regeneration.
  1181 | D:1      | 1181 ||| READING 4 scrolls labelled IPLOLAE VIPSU.
  1182 | D:1      | 1182 ||| READING scroll labelled ALEUCYCVIO.
  1183 | D:1      | 1183 ||| DRINKING 2 metallic grey potions.
  1184 | D:1      | 1184 ||| READING 3 scrolls of identify.
  1184 | D:1      | 1184 ||| IDENTIFYING ruby potion
  1185 | D:1      | 1185 ||| DROPPING potion of berserk rage.
  1364 | D:2      | 1364 ||| Stepping ~*~*~tactically~*~*~ (hiding).
  1365 | D:2      | 1365 ||| Stepping ~*~*~tactically~*~*~ (hiding).
  1371 | D:2      | Reached ** piety under Trog
  1464 | D:2      | 1464 ||| Stepping ~*~*~tactically~*~*~ (stealth).
  1995 | D:2      | Found a faded altar of an unknown god.
  2210 | D:2      | 2210 ||| UPGRADING to +0 leather armour.
  2220 | D:2      | 2220 ||| DROPPING +0 animal skin.
  2221 | D:2      | 2221 ||| UPGRADING to +0 ring mail.
  2231 | D:2      | 2231 ||| DROPPING +0 leather armour.
  2232 | D:2      | 2232 ||| READING 3 scrolls labelled GAZUSEMORU.
  2233 | D:2      | 2233 ||| READING 2 scrolls of enchant weapon.
  2233 | D:2      | 2233 ||| ENCHANTING +1 hand axe.
  2234 | D:2      | 2234 ||| READING scroll of enchant weapon.
  2234 | D:2      | 2234 ||| ENCHANTING +2 hand axe.
  2235 | D:2      | 2235 ||| READING scroll labelled SANTERPHU NILL.
  2236 | D:2      | 2236 ||| DRINKING 2 sedimented red potions.
  2237 | D:2      | 2237 ||| READING 3 scrolls of identify.
  2237 | D:2      | 2237 ||| IDENTIFYING puce potion
  2289 | D:3      | Reached XP level 4. HP: 39/39 MP: 3/3
  2313 | D:3      | 2313 ||| Stepping ~*~*~tactically~*~*~ (stealth).
  2316 | D:3      | 2316 ||| Stepping ~*~*~tactically~*~*~ (stealth).
  2318 | D:3      | 2318 ||| Stepping ~*~*~tactically~*~*~ (hiding).
  2323 | D:3      | 2323 ||| Stepping ~*~*~tactically~*~*~ (hiding).
  2456 | D:3      | 2456 ||| DROPPING +0 club.
  2479 | D:3      | Reached skill level 6 in Axes
  2583 | D:3      | Found a snail-covered altar of Cheibriados.
  2659 | D:3      | 2659 ||| Stepping ~*~*~tactically~*~*~ (stealth).
  2661 | D:3      | 2661 ||| Stepping ~*~*~tactically~*~*~ (hiding).
  2669 | D:3      | 2669 ||| INVOKING Berserk.
  2680 | D:3      | Reached XP level 5. HP: 45/45 MP: 4/4
  3044 | D:3      | Reached skill level 7 in Axes
  3221 | D:3      | 3221 ||| UPGRADING to +0 cloak.
  3226 | D:3      | 3226 ||| UPGRADING to +0 scale mail.
  3236 | D:3      | 3236 ||| DROPPING +0 ring mail.
  3237 | D:3      | 3237 ||| UPGRADING to +6 ring of dexterity.
  3238 | D:3      | 3238 ||| UPGRADING to ring of protection from fire.
  3239 | D:3      | 3239 ||| READING scroll labelled AZUVESTIPT.
  3240 | D:3      | 3240 ||| READING scroll labelled YXZATT SETIETH.
  3245 | D:3      | 3245 ||| READING 2 scrolls of identify.
  3245 | D:3      | 3245 ||| IDENTIFYING coppery potion
  3246 | D:3      | 3246 ||| DROPPING potion of brilliance.
  3455 | D:4      | Noticed a phantom
  3463 | D:4      | Killed a phantom
  3497 | D:4      | Reached XP level 6. HP: 55/55 MP: 5/5
  3536 | D:4      | Reached *** piety under Trog
  3537 | D:4      | Reached skill level 8 in Axes
  3537 | D:4      | Found a broken altar of Ashenzari.
  3636 | D:4      | 3636 ||| Stepping ~*~*~tactically~*~*~ (hiding).
  3637 | D:4      | 3637 ||| Stepping ~*~*~tactically~*~*~ (hiding).
  4575 | D:4      | 4575 ||| UPGRADING to +0 buckler.
  4580 | D:4      | 4580 ||| DRINKING 2 orange potions.
  4606 | D:4      | 4606 ||| DROPPING potion of lignification.
  4630 | D:5      | Entered Level 5 of the Dungeon
  4635 | D:5      | Noticed a water moccasin
  4636 | D:5      | 4636 ||| Stepping ~*~*~tactically~*~*~ (hiding).
  4636 | D:5      | Noticed Blork the orc
  4637 | D:5      | 4637 ||| Stepping ~*~*~tactically~*~*~ (hiding).
  4638 | D:5      | 4638 ||| INVOKING Berserk.
  4642 | D:5      | Killed a water moccasin
  4647 | D:5      | Reached XP level 7. HP: 60/60 MP: 6/6
  4656 | D:5      | Killed Blork the orc
  4657 | D:5      | Reached skill level 9 in Axes
  4661 | D:5      | Reached skill level 3 in Shields
  4662 | D:5      | HP: 8/60 [ice beast (12)]
  4663 | D:5      | 4663 ||| READING scroll of teleportation.
  4664 | D:5      | Mangled by an ice beast

Levels and vault maps discovered:
D:1:      lemuel_arrival_room, layout_basic, minmay_gold_behind_fungi
D:2:      layout_loops_cross, chequers_ecumenical_altar_simple_redux
D:3:      layout_loops_cross, cheibriados_altar_2, grunt_decor_junction,
          uniq_crazy_yiuf_cottage
D:4:      layout_layer_cave, nicolae_overflow_hidden_temple,
          hangedman_abyss_or_decor_passed, kennysheep_generic_room_16
D:5:      layout_loops_ring, mainiacjoe_overflow_chevrons, grunt_ministairs_6,
          uniq_blork_the_orc, uniq_duvessa

Skill      XL: |  1  2  3  4  5  6  7 |
---------------+----------------------+-----
Axes           | 4 5 6 7 8 9 |  9.1
Throwing       | 1 |  1.0
Fighting       | 4 |  4.9
Shields        | 2 3 |  3.1
Armour         | |  2.4
Dodging        | |  2.1

Action                   |  1- 3 |  4- 6 |  7- 9 || total
-------------------------+-------+-------+-------++-------
Melee: Hand axe          |    75 |    59 |    16 ||   150
       Headbutt          |     4 |    12 |     4 ||    20
       Punch             |     1 |       |       ||     1
Throw: Javelin           |    31 |    16 |       ||    47
       Boomerang         |       |    12 |       ||    12
Invok: Berserk           |       |     2 |       ||     2
  Use: Scroll            |     8 |     3 |     1 ||    12
       Potion            |     2 |     1 |       ||     3
Armor: Animal skin       |    21 |       |       ||    21
       Ring mail         |       |     7 |       ||     7
       Scale mail        |       |     5 |     8 ||    13
Dodge: Dodged            |    42 |    20 |    13 ||    75
Block: Buckler           |       |     2 |     3 ||     5

Table legend:
 A = Non-vault XP
 B = Vault XP
 C = Vault XP percentage of total XP
 D = Non-vault monster count
 E = Vault monster count
 F = Vault count percentage of total count
                 A         B        C        D         E       F
            +---------+---------+-------+---------+---------+-------
      Total |     562 |     416 |  42.5 |      84 |       9 |   9.7
            +---------+---------+-------+---------+---------+-------
        D:1 |      54 |       0 |   0.0 |      30 |       0 |   0.0
        D:2 |      42 |       0 |   0.0 |      17 |       0 |   0.0
        D:3 |     143 |       0 |   0.0 |      23 |       0 |   0.0
        D:4 |     323 |       2 |   0.6 |      14 |       1 |   6.7
        D:5 |       0 |     414 | 100.0 |       0 |       8 | 100.0
            +---------+---------+-------+---------+---------+-------
